 Dungeon Sprint DCSS version 0.21.2 (webtiles) character file.

42 Fang the Skirmisher (level 3, -11/39 HPs)
             Began as a Gargoyle Berserker on Dec 21, 2018.
             Was a Priest of Trog.
             Killed by divine providence
             ... invoked by an orc priest
              (12 damage)
             ... in the Dungeon (Sprint VII: "The Pits").
             The game lasted 00:00:27 (363 turns).

Fang the Skirmisher (Gargoyle Berserker)             Turns: 363, Time: 00:00:28

Health: -11/39     AC:  5    Str: 26    XL:     3   Next: 56%
Magic:  3/3        EV: 12    Int:  7    God:    Trog [***...]
Gold:   0          SH:  0    Dex:  9    Spells: 2/2 levels left

rFire    . . .     SeeInvis .   j - +2 hand axe
rCold    . . .     Gourm    .   (no shield)
rNeg     + . .     Faith    .   b - +0 animal skin
rPois    ∞         Spirit   .   (no helmet)
rElec    +         Reflect  .   (no cloak)
rCorr    .         Harm     .   (no gloves)
MR       .....     NoTele   +   (no boots)
Stlth    ..........             (no amulet)
HPRegen  0.13/turn              (no ring)
MPRegen  0.08/turn              (no ring)

@: berserking, very quick
A: negative energy resistance 1, electricity resistance, unbreathing,
petrification resistance, rot immunity, AC +3
a: Berserk, Trog's Hand, Burn Spellbooks, Renounce Religion


You were in the Dungeon.
You worshipped Trog.
Trog was most pleased with you.
You were not hungry.

You visited 1 branch

Inventory:

Hand Weapons
 j - a +2 hand axe (weapon)
Armour
 b - a +0 animal skin (worn)
Scrolls
 i - a scroll of blinking
 k - 3 scrolls of remove curse
 l - a scroll of summoning
Potions
 a - 2 potions of invisibility
 d - a potion of curing
 e - a potion of heal wounds
 f - a potion of haste
 g - 4 potions of magic
 h - 3 potions of berserk rage
Comestibles
 c - 9 rations


   Skills:
 + Level 5.5 Fighting
 + Level 4.6 Axes
 + Level 2.9 Armour
 + Level 2.6 Dodging
 + Level 1.0 Stealth


You had 2 spell levels left.
You didn't know any spells.

Dungeon Overview and Level Annotations

Branches:
Dungeon (1/1)

Altars:


Innate Abilities, Weirdness & Mutations

You are resistant to torment.
Your stone body is resilient. (AC +3)
You are immune to poison.
You resist negative energy. (rN+)
You are resistant to electric shocks. (rElec)
You can survive without breathing.
You are immune to petrification.
You are immune to rotting.


Message History

The gnoll hits you but does no damage. The leopard gecko bites you.
* * * LOW HITPOINT WARNING * * *
The adder zombie barely misses you.
You feel a strong urge to attack something.
The gnoll barely misses you. The leopard gecko closely misses you.
The adder zombie bites you but does no damage.
Unknown command.
You slash the adder zombie!
The adder zombie is moderately damaged.
You slash the leopard gecko!
You kill the leopard gecko!
Trog accepts your kill.
You slash the orc!
You kill the orc!
Trog accepts your kill.
Your Stealth skill increases to level 1!
You hit the orc.
The orc priest mumbles some strange prayers to Beogh against you.
Beogh smites you!
You die...

##########.##...........
#...........'...........
#+#####(#####......#..#.
#.....##...........
#####)#####'#####++
#.....##.......#
#.....##.......#
###'####.......#
#..@Zg##...<...#
#..oo)o..##.......#
#........##.......#
###########.......#
#########


You could see an orc priest, a gnoll, 2 orcs and an adder zombie.

Vanquished Creatures
  A worker ant (D)
  2 ufetubi (D)
  A leopard gecko (D)
  2 orcs (D)
  A kobold (D)
7 creatures vanquished.

Notes
Turn   | Place    | Note
-------+----------+-------------------------------------------
     0 | D        | Fang the Gargoyle Berserker began the quest for the Orb.
     0 | D        | Reached XP level 1. HP: 14/14 MP: 1/1
    14 | D        | Reached skill level 4 in Fighting
    82 | D        | Noticed a worker ant
    89 | D        | Reached XP level 2. HP: 12/20 MP: 2/2
    91 | D        | Reached ** piety under Trog
    91 | D        | Reached skill level 5 in Fighting
    91 | D        | Reached XP level 3. HP: 16/26 MP: 3/3
   361 | D        | HP: 1/39 [leopard gecko (4)]
   363 | D        | Reached *** piety under Trog
   363 | D        | Reached skill level 1 in Stealth
   363 | D        | Killed from afar by an orc priest

Skill      XL: |  1  2  3 |
---------------+----------+-----
Fighting       | 4 5 |  5.5
Axes           | 3 4 |  4.6
Dodging        | 2 |  2.6
Stealth        | 1 |  1.0
Armour         | |  2.9

Action                   || total
-------------------------++-------
Melee: Hand axe          ||    21
Invok: Berserk           ||     1
Armor: Animal skin       ||    11
Dodge: Dodged            ||    24
